 Dungeon Crawl Stone Soup version 0.23-a0-389-g4a5eb33 (webtiles) character file.

11957 galech the Cleaver (level 11, -25/84 HPs)
             Began as a Demonspawn Fighter on Oct 29, 2018.
             Was a High Priest of Okawaru.
             Annihilated by an orc knight
             ... wielding a +3 great mace of holy wrath
              (39 damage)
             ... on level 1 of the Orcish Mines.
             The game lasted 00:18:01 (11367 turns).

galech the Cleaver (Demonspawn Fighter)            Turns: 11367, Time: 00:18:02

Health: -25/84     AC: 25    Str: 17    XL:     11   Next: 56%
Magic:  11/11      EV:  9    Int: 10    God:    Okawaru [*****.]
Gold:   1122       SH: 11    Dex: 15    Spells: 10/10 levels left

rFire    . . .     SeeInvis .   N - +1 war axe (freeze)
rCold    + . .     Gourm    .   c - +0 shield
rNeg     . . .     Faith    .   R - +3 plate armour
rPois    .         Spirit   .   (helmet restricted)
rElec    .         Reflect  .   x - +2 cloak
rCorr    .         Harm     +   J - +0 pair of gloves
MR       .....                  K - +0 pair of boots
Stlth    ..........             s - amulet of harm
HPRegen  0.24/turn              l - +4 ring of evasion
MPRegen  0.12/turn              u - +2 ring of slaying

@: about to teleport, drained
A: horns 2, molten scales 2, cold resistance 1, powered by pain 1
a: Heroism, Finesse, Renounce Religion


You were on level 1 of the Orcish Mines.
You worshipped Okawaru.
Okawaru was extremely pleased with you.
You were not hungry.

You visited 3 branches of the dungeon, and saw 12 of its levels.

You collected 1122 gold pieces.

Inventory:

Hand Weapons
 N - a +1 war axe of freezing (weapon)
Armour
 c - a +0 shield (worn)
 x - a +2 cloak (worn)
 J - a +0 pair of gloves (worn)
 K - a +0 pair of boots (worn)
 M - a +0 chain mail of cold resistance
 R - a +3 plate armour (worn)
Jewellery
 e - an uncursed ring of protection from magic
 l - a +4 ring of evasion (left hand)
 o - an uncursed ring of see invisible
 s - an amulet of harm (around neck)
 u - a +2 ring of slaying (right hand)
Wands
 q - a wand of enslavement (11)
 r - a wand of random effects (17)
 C - a wand of digging (3)
 G - a wand of scattershot (6)
 H - a wand of paralysis (6)
Scrolls
 h - 7 scrolls of enchant armour
 i - 2 scrolls of random uselessness
 j - 4 scrolls of fear
 m - 2 scrolls of magic mapping
 v - 2 scrolls of amnesia
 w - 2 scrolls of remove curse
 y - a scroll of blinking
 A - 4 scrolls of identify
 B - a scroll of fog
 I - a scroll of noise {unknown}
 L - a scroll of holy word {unknown}
 P - a scroll of enchant weapon {unknown}
Potions
 a - a potion of heal wounds {unknown}
 b - a potion of magic {unknown}
 d - 3 potions of might
 g - 2 potions of lignification
 k - 3 potions of resistance {unknown}
 p - 2 potions of berserk rage {unknown}
 t - 3 potions of brilliance {unknown}
 z - a potion of flight {unknown}
 D - a potion of curing
 E - a potion of haste
 O - a potion of agility {unknown}
 Q - a potion of cancellation {unknown}
Comestibles
 f - 19 rations


   Skills:
 + Level 7.2(7.0) Fighting
 + Level 11.9(11.7) Axes
 + Level 7.5(7.3) Armour
 + Level 2.7(2.6) Dodging
 + Level 1.2(1.1) Stealth
 + Level 7.7(7.5) Shields
 + Level 0.8(0.7) Invocations


You had 10 spell levels left.
You didn't know any spells.
Your spell library contained the following spells:

 Spells                   Type           Power        Failure   Level  Hunger
 Beastly Appendage        Tmut           #.....       100%        1    ##.....
 Sticks to Snakes         Tmut           #.......     100%        2    ###....
 Spider Form              Tmut/Pois      #.........   100%        3    ####...
 Ice Form                 Ice/Tmut       #.......     100%        4    #####..
 Blade Hands              Tmut           #.........   100%        5    ######.


Dungeon Overview and Level Annotations

Branches:
Dungeon (9/15)             Temple (1/1) D:7             Orc (2/2) D:9
    Elf (0/3) Orc:2
   Lair: D:8-11

Altars:
Ashenzari
Cheibriados
Elyvilon
Fedhas
Gozag
Makhleb
Nemelex Xobeh
Okawaru
Ru
Trog
Uskayaw
Xom
Beogh

Shops:
D:6 :   Orc:2 (


Innate Abilities, Weirdness & Mutations

You have a pair of horns on your head.
You are mostly covered in molten scales. (AC +3)
Your flesh is cold resistant. (rC+)
You sometimes gain a little power by taking damage.


Message History

The orc warrior shouts!
The orc knight shoots a bolt.
The bolt hits you but does no damage. The sun demon hits you.
You are engulfed in flames!
The orc knight hits you but does no damage.
The sun demon hits you but does no damage.
There is a stone staircase leading up here.
You see here 7 bolts.
The orc knight hits you with a +3 great mace of holy wrath!
You convulse!
The smoke demon gestures at you. Beogh smites you!
* * * LOW HITPOINT WARNING * * *
You block the sun demon's attack. x2
All of the chunks of flesh in your inventory have rotted away.
You climb upwards.
There is a stone staircase leading down, spattered with blood here.
As you read the scroll of teleportation, it crumbles to dust.
You feel strangely unstable.
The orc knight hits you with a +3 great mace of holy wrath!!
You die...

###.###......###...#####
##.#........##...##
#............#..#.##
##.#.............[.### ###
#...#..#..#.##.......##
##.#####.....#...#.#)#.#....#
#...#.###.#...#.#.....#....##
##.....#.#.[[..#.....##..###
#####.#......[@[...........#
##.####.....#.o[............##
##...#.#......................#
###.#.....................#...#
.......#...................#.##
.......#....................###
....#.#.............#.......#.##
....##.................#.......#
............#...........##..#.##


You could see an orc knight.

Vanquished Creatures
  An orc warlord (Orc:2)
  Harold (D:8)
  An orc high priest (Orc:2)
  Pikel (D:6)
  2 orc knights
  An orc sorcerer (Orc:2)
  Joseph (D:7)
  2 centaur zombies
  A troll (D:9)
  7 yaks
  A wyvern (D:9)
  A human (D:8)
  13 orc warriors
  A swamp drake (D:9)
  A sky beast (D:8)
  2 black bears
  A phantom (D:7)
  4 ogres
  5 ice beasts
  A wolf (D:8)
  2 centaurs
  Blork the orc (D:5)
  5 bullfrogs
  A gnoll sergeant (D:8)
  4 scorpions
  7 killer bees
  4 wights (D:8)
  2 howler monkeys (D:8)
  3 electric eels (D:8)
  4 crimson imps
  A quasit (D:9)
  A wyvern simulacrum (D:8)
  4 hounds
  5 jellies
  7 orc priests
  12 orc wizards
  3 bullfrog skeletons
  A centaur skeleton (D:8)
  An iguana (D:4)
  Crazy Yiuf (D:4)
  6 worker ants
  2 hound zombies
  A hound skeleton (D:6)
  4 gnolls
  A worker ant zombie (D:8)
  20 adders
  A shadow imp (D:7)
  3 white imps (D:8)
  An ufetubus (D:8)
  2 oozes
  3 adder zombies
  2 worms
  2 adder simulacra (D:8)
  7 leopard geckos
  40 orcs
  6 bats
  6 giant cockroaches
  7 goblins
  8 hobgoblins
  5 jackals
  3 quokkas
  3 ball pythons
  3 frilled lizards
  8 kobolds
  A leopard gecko zombie (D:7)
  A quokka skeleton (D:5)
  A quokka zombie (D:8)
  7 rats
271 creatures vanquished.

Vanquished Creatures (others)
  4 slaves
  An ufetubus (D:8)
  2 fungi (Orc:2)
7 creatures vanquished.

Grand Total: 278 creatures vanquished

Notes
Turn   | Place    | Note
-------+----------+-------------------------------------------
     0 | D:1      | galech the Demonspawn Fighter began the quest for the Orb.
     0 | D:1      | Reached XP level 1. HP: 18/18 MP: 1/1
    29 | D:1      | Gained mutation: You sometimes gain a little power by
                  | taking damage. [demonic ancestry]
    29 | D:1      | Reached XP level 2. HP: 22/24 MP: 2/2
   214 | D:1      | Reached skill level 2 in Axes
   423 | D:1      | Gained mutation: You have a pair of small horns on your
                  | head. [demonic ancestry]
   423 | D:1      | Reached XP level 3. HP: 29/29 MP: 3/3
  1458 | D:2      | Reached XP level 4. HP: 29/35 MP: 4/4
  1523 | D:2      | Reached skill level 3 in Axes
  2513 | D:3      | Reached XP level 5. HP: 33/41 MP: 5/5
  3195 | D:4      | Reached skill level 4 in Axes
  3195 | D:4      | Reached XP level 6. HP: 27/47 MP: 6/6
  3489 | D:4      | Found a runed door.
  3493 | D:4      | Noticed Crazy Yiuf
  3497 | D:4      | Killed Crazy Yiuf
  3750 | D:5      | Entered Level 5 of the Dungeon
  3754 | D:5      | Noticed an ice beast
  3763 | D:5      | Killed an ice beast
  3763 | D:5      | Gained mutation: Your flesh is cold resistant. (rC+)
                  | [demonic ancestry]
  3763 | D:5      | Reached XP level 7. HP: 18/53 MP: 7/7
  4026 | D:5      | Noticed Blork the orc
  4042 | D:5      | Killed Blork the orc
  4042 | D:5      | Reached skill level 5 in Axes
  4062 | D:5      | Reached skill level 1 in Dodging
  4889 | D:6      | Reached skill level 6 in Axes
  4889 | D:6      | Gained mutation: You are partially covered in molten
                  | scales. (AC +2) [demonic ancestry]
  4889 | D:6      | Reached XP level 8. HP: 32/60 MP: 8/8
  5260 | D:6      | Found Leill's Book Boutique.
  5577 | D:6      | Reached skill level 5 in Armour
  5643 | D:7      | Found a staircase to the Ecumenical Temple.
  5661 | D:7      | Reached skill level 7 in Axes
  5730 | D:7      | Noticed Pikel
  5747 | D:6      | Paralysed by Pikel for 6 turns
  5763 | D:6      | Killed Pikel
  5763 | D:6      | Reached skill level 5 in Fighting
  5763 | D:6      | Reached skill level 5 in Shields
  5763 | D:6      | Gained mutation: You have a pair of horns on your head.
                  | [demonic ancestry]
  5763 | D:6      | Reached XP level 9. HP: 22/68 MP: 9/9
  6005 | D:7      | Found a burning altar of Makhleb.
  6016 | D:7      | Found a shimmering altar of Xom.
  6043 | Temple   | Entered the Ecumenical Temple
  6066 | Temple   | Became a worshipper of Warmaster Okawaru
  6195 | D:7      | Reached skill level 8 in Axes
  6307 | D:7      | Noticed Joseph
  6338 | D:7      | Killed Joseph
  6338 | D:7      | Reached * piety under Okawaru
  6500 | D:7      | Reached skill level 9 in Axes
  6566 | D:8      | Found a sparkling altar of Nemelex Xobeh.
  6595 | D:8      | Reached skill level 1 in Stealth
  6781 | D:8      | Noticed Harold
  6796 | D:8      | Killed Harold
  6796 | D:8      | Gained mutation: You are mostly covered in molten scales.
                  | (AC +3) [demonic ancestry]
  6796 | D:8      | Reached XP level 10. HP: 59/76 MP: 10/10
  6881 | D:8      | Reached ** piety under Okawaru
  6905 | D:8      | Reached skill level 10 in Axes
  7436 | D:8      | Found a shattered altar of Ashenzari.
  7447 | D:8      | Found a sacrificial altar of Ru.
  7449 | D:8      | Found a blossoming altar of Fedhas.
  7451 | D:8      | Found a bloodstained altar of Trog.
  7452 | D:8      | Found a snail-covered altar of Cheibriados.
  7453 | D:8      | Found an opulent altar of Gozag.
  8221 | D:9      | Reached *** piety under Okawaru
  8557 | D:9      | Reached skill level 11 in Axes
  8748 | D:9      | Reached **** piety under Okawaru
  8751 | D:9      | Reached XP level 11. HP: 52/83 MP: 11/11
  8796 | D:9      | Found a staircase to the Orcish Mines.
  9075 | Orc:1    | Entered Level 1 of the Orcish Mines
  9468 | Orc:2    | Entered Level 2 of the Orcish Mines
  9471 | Orc:2    | Noticed an orc knight
  9744 | Orc:2    | Noticed an orc high priest
  9825 | Orc:2    | Noticed an orc warlord
 10149 | Orc:2    | Found a roughly hewn altar of Beogh.
 10154 | Orc:2    | Killed an orc high priest
 10154 | Orc:2    | Noticed an orc sorcerer
 10157 | Orc:2    | Found Qaegod's Antique Weapon Shop.
 10160 | Orc:2    | Noticed an orc knight
 10161 | Orc:2    | Killed an orc sorcerer
 10409 | Orc:1    | Killed an orc knight
 10621 | Orc:2    | Killed an orc warlord
 10947 | Orc:2    | Killed an orc knight
 10947 | Orc:2    | Reached ***** piety under Okawaru
 11174 | Orc:2    | Found a staircase to the Elven Halls.
 11177 | Orc:2    | Noticed an orc knight
 11177 | Orc:2    | Noticed an orc sorcerer
 11178 | Orc:2    | Paralysed by an orc sorcerer for 4 turns
 11343 | Orc:2    | Noticed an orc knight
 11359 | Orc:2    | Noticed an orc high priest
 11361 | Orc:2    | Noticed a sun demon
 11361 | Orc:2    | Noticed a sun demon
 11367 | Orc:1    | Annihilated by an orc knight

Vault maps used:
D:1:      minmay_arrival_plants_in_alcoves, chequers_jeans
D:2:      serial_corexii_hall, corexii_hall_statues_i, chequers_hall_statues_y,
          wad_floor_pattern_untrapped
D:4:      lightli_corner_chamber, uniq_crazy_yiuf_cottage
D:5:      first_ration, serial_bayou_crossing, uniq_blork_the_orc
D:6:      serial_shops, nicolae_shop_stone
D:7:      grunt_temple_overflow_champion_of_chaos,
          minmay_temple_entry_overgrown, uniq_pikel, uniq_joseph
D:8:      hangedman_cross_stitches, minitemple, basic_altar, serial_ice,
          serial_ice_k, serial_ice_a, serial_ice_n, serial_ice_f, serial_ice_g,
          serial_ice_d, serial_ice_c, serial_ice_o, grunt_pizzeria, uniq_harold
D:9:      erik_orc_1
Temple:   jpeg_temple_clearing
Orc:2:    grunt_orc_gardens, grunt_orc_garden, grunt_orc_garden,
          grunt_orc_garden, grunt_orc_garden, basic_altar

Skill      XL: |  1  2  3  4  5  6  7  8  9 10 11 |
---------------+----------------------------------+-----
Shields        | 3 4 5 7 |  7.7
Axes           | 2 3 4 6 7 9 11 | 11.9
Armour         | 3 4 5 6 7 |  7.5
Dodging        | 2 |  2.7
Fighting       | 4 5 6 7 |  7.2
Stealth        | 1 |  1.2
Invocations    | |  0.8

Action                   |  1- 3 |  4- 6 |  7- 9 | 10-12 || total
-------------------------+-------+-------+-------+-------++-------
Melee: War axe           |   108 |   177 |   304 |   264 ||   853
       Headbutt          |     8 |    29 |    59 |    68 ||   164
Invok: Heroism           |       |       |       |     6 ||     6
  Use: Potion            |     1 |       |       |       ||     1
       Scroll            |       |       |    10 |     1 ||    11
 Stab: Confused          |       |       |       |     1 ||     1
  Eat: Chunk             |     2 |     8 |    10 |    14 ||    34
Armor: Scale mail        |    41 |    73 |    34 |       ||   148
       Plate armour      |       |       |   124 |   170 ||   294
Dodge: Dodged            |    41 |    67 |   121 |    97 ||   326
Block: Shield            |    57 |    92 |   132 |   177 ||   458

Table legend:
 A = Non-vault XP
 B = Vault XP
 C = Vault XP percentage of total XP
 D = Non-vault monster count
 E = Vault monster count
 F = Vault count percentage of total count
                 A         B        C        D         E       F
            +---------+---------+-------+---------+---------+-------
      Total |    7653 |    9429 |  55.2 |     210 |      61 |  22.5
            +---------+---------+-------+---------+---------+-------
        D:1 |      45 |       0 |   0.0 |      24 |       0 |   0.0
        D:2 |      85 |       0 |   0.0 |      21 |       0 |   0.0
        D:3 |     173 |       0 |   0.0 |      27 |       0 |   0.0
        D:4 |     286 |      36 |  11.2 |      16 |       1 |   5.9
        D:5 |     408 |      91 |  18.2 |      17 |       1 |   5.6
        D:6 |    1170 |     651 |  35.7 |      24 |       1 |   4.0
        D:7 |     951 |     518 |  35.3 |      19 |       3 |  13.6
        D:8 |    1243 |    3003 |  70.7 |      25 |      27 |  51.9
        D:9 |    2068 |     585 |  22.1 |      21 |      17 |  44.7
     Temple |     121 |       0 |   0.0 |       1 |       0 |   0.0
      Orc:1 |     480 |    1030 |  68.2 |      10 |       4 |  28.6
      Orc:2 |     623 |    3515 |  84.9 |       5 |       7 |  58.3
            +---------+---------+-------+---------+---------+-------
